 Dungeon Crawl Stone Soup version 0.28-a0-938-gbc3f381ebc (webtiles) character file.

Game seed: 8520750372286849852

227 Peloso the Skirmisher (level 5, -6/47 HPs)
             Began as a Minotaur Fighter on Nov 28, 2021.
             Splashed by a jelly's acid (7 damage)
             ... on level 4 of the Dungeon.
             The game lasted 00:04:25 (3101 turns).

Peloso the Skirmisher (Minotaur Fighter)            Turns: 3101, Time: 00:04:26

Health: -6/47      AC:  0    Str: 20    XL:     5   Next: 70%
Magic:  4/4        EV: 10    Int:  5    God:
Gold:   202        SH:  5    Dex: 11    Spells: 4/4 levels left

rFire   . . .      SeeInvis .   a - +0 long sword
rCold   . . .      Faith    .   c - +0 buckler
rNeg    . . .      Spirit   .   g - +0 scale mail
rPois   +          Reflect  .   (helmet restricted)
rElec   .          Harm     .   (no cloak)
rCorr   .          Rampage  .   (no gloves)
Will    .....                   (no boots)
Stlth   ..........              (no amulet)
HPRegen 0.15/turn               k - ring of poison resistance
MPRegen 0.09/turn               (no ring)

@: corroded
A: horns 2, retaliatory headbutt
a: no special abilities


You were on level 4 of the Dungeon.
You visited 1 branch of the dungeon, and saw 4 of its levels.

You collected 202 gold pieces.

Inventory:

Hand Weapons
 a - a +0 long sword (weapon)
 b - a +1 short sword of flaming
Armour
 c - a +0 buckler (worn)
 g - a +0 scale mail (worn)
Jewellery
 k - a ring of poison resistance (left hand)
Wands
 d - a wand of charming (7)
Scrolls
 f - 2 scrolls of teleportation {unknown}
 i - a scroll of enchant armour {unknown}
 j - a scroll of vulnerability {unknown}
 l - a scroll of summoning {unknown}
Potions
 e - a potion of haste {unknown}
 h - 2 potions of lignification {unknown}


   Skills:
 + Level 4.7 Fighting
 + Level 4.7 Long Blades
 + Level 4.6 Armour
 + Level 1.4 Dodging
 + Level 0.2 Stealth
 + Level 4.5 Shields


You had 4 spell levels left.
You didn't know any spells.
Your spell library contained the following spells:

 Spells                   Type           Power      Damage    Failure   Level
 Pain                     Necr           0%         1d4       82%         1
 Agony                    Necr           0%         N/A       100%        5
 Excruciating Wounds      Necr           0%         N/A       100%        5


Dungeon Overview and Level Annotations

Branches:
Dungeon (4/15)
 Temple: D:4-7

Altars:
Cheibriados


Innate Abilities, Weirdness & Mutations

You have a pair of horns on your head.
You reflexively headbutt those who attack you in melee.


Message History

l - a scroll labelled UFIYZU NASUHAR Key pressed, stopping explore.
A howler monkey comes into view.
The howler monkey hoots and howls with incredible vigour!
You hear a shout!
The howler monkey closely misses you. You furiously retaliate!
You headbutt the howler monkey! You hit the howler monkey.
Your headbutt misses the howler monkey.
The howler monkey is almost dead.
The howler monkey hits you.
You hit the howler monkey.
You kill the howler monkey!
You see here a howler monkey corpse.
A jelly comes into view.
Found a stone staircase leading down.
The jelly moves out of view.
Found a leather armour.
A jelly is nearby!
A howler monkey skeleton comes into view.
The jelly completely misses you.
You hit the jelly. The acid corrodes you!
Your hands burn!
The jelly is lightly wounded.
The jelly hits you.
You are splashed with acid!
You hit the jelly. The acid corrodes you!
Your hands burn!
The jelly is lightly wounded.
The jelly barely misses you.
You hit the jelly.
Your hands burn!
The jelly is moderately wounded.
The jelly hits you.
You are splashed with acid!
You slash the jelly!
Your hands burn!
* * * LOW HITPOINT WARNING * * *
The jelly is severely wounded.
The jelly hits you.
* * * LOW HITPOINT WARNING * * *
You are splashed with acid!
* * * LOW HITPOINT WARNING * * *
You block the howler monkey skeleton's attack.
The jelly hits you.
* * * LOW HITPOINT WARNING * * *
You are splashed with acid!
You die...

#. ## #.# ..#. ..### .#. [...##
. .>###...... .. # #........
##.## .. #.#......###....#..
......# #.................#...
......# # #.JZ...............
......##.#. ###@...............
........ ....###..............
......# #...................
......# ##.####.......##..#
......#####.## ###...†..#..####
.†...........# ##..##...##..#
#.....##.....##.###..##.......#
#....###...#.........####.....#
#.........###........##.#.....#


You could see a jelly and a howler monkey skeleton.

Vanquished Creatures
  A howler monkey (D:4)
  A hound (D:4)
  A bullfrog skeleton (D:4)
  Ijyb (D:3)
  An adder (D:3)
  An adder skeleton (D:4)
  4 dart slugs
  3 worms
  6 orcs (D:4)
  5 endoplasms
  2 giant cockroaches (D:3)
  10 goblins
  3 hobgoblins
  2 jackals (D:1)
  8 kobolds
  5 quokkas
  3 ball pythons
  6 bats
  6 frilled lizards
  5 rats
74 creatures vanquished.

Notes
Turn   | Place    | Note
-------+----------+-------------------------------------------
     0 | D:1      | Peloso the Minotaur Fighter began the quest for the Orb.
     0 | D:1      | Reached XP level 1. HP: 19/19 MP: 0/0
   390 | D:1      | Reached XP level 2. HP: 27/27 MP: 1/1
   476 | D:1      | Found a faded altar of an unknown god.
  1266 | D:2      | Reached XP level 3. HP: 33/33 MP: 2/2
  1287 | D:2      | Found a snail-covered altar of Cheibriados.
  1798 | D:3      | Noticed Ijyb
  1812 | D:3      | Killed Ijyb
  1813 | D:3      | Reached XP level 4. HP: 40/40 MP: 3/3
  2733 | D:4      | Reached XP level 5. HP: 31/47 MP: 4/4
  2861 | D:4      | Reached skill level 1 in Dodging
  3100 | D:4      | HP: 1/47 [acid (9)]
  3101 | D:4      | Splashed by a jelly's acid

Illustrated notes

Levels and vault maps discovered:
D:1:      dpeg_arrival_arbitrary_b, layout_basic,
          hellmonk_ecumenical_altar_inner_sanctum, serial_corexii_hall,
          chequers_hall_statues_wall_a, chequers_hall_statues_y
D:2:      layout_rooms, basic_altar
D:3:      layout_loops_corners, uniq_ijyb
D:4:      layout_cave_pools, pdpol_wu_jian_five_deadly_venoms,
          minmay_manual_mail

Skill      XL: |  1  2  3  4  5 |
---------------+----------------+-----
Shields        | 4 |  4.5
Armour         | 4 |  4.6
Fighting       | 4 |  4.7
Long Blades    | 3 4 |  4.7
Dodging        | 1 |  1.4
Stealth        | |  0.2

Action                   |  1- 3 |  4- 6 || total
-------------------------+-------+-------++-------
Melee: Long sword        |    86 |    76 ||   162
       Headbutt          |    12 |    14 ||    26
  Use: Potion            |     1 |       ||     1
Armor: Scale mail        |    45 |    36 ||    81
Dodge: Dodged            |    48 |    38 ||    86
Block: Buckler           |    22 |    18 ||    40

Table legend: (Time is in decaauts)
 A = Elapsed time spent in this place.
 B = Non-inter-level travel time spent in this place.
 C = Inter-level travel time spent in this place.
 D = Time resting spent in this place.
 E = Time spent auto-exploring this place.
 F = Levels seen in this place.
 G = Mean time per level.
                   A        B        C        D        E       F      G
               +--------+--------+--------+--------+--------+-----+--------+
         Total |   3140 |   3057 |     83 |      0 |   2464 |   4 |  785.0 |
       Dungeon |   3140 |   3057 |     83 |      0 |   2464 |   4 |  785.0 |
               +--------+--------+--------+--------+--------+-----+--------+

Top non-repeatable levels by time:
     D:1: 1268 daAuts
     D:3: 953 daAuts
     D:2: 528 daAuts
     D:4: 390 daAuts
